 Dungeon Crawl Stone Soup version 0.27-a0-931-g5a74e75d8f (webtiles) character file.

Game seed: 1299433465612997675

32 Alarkh the Insei (level 3, 16/28 HPs)
             Began as a Demonspawn Gladiator on Apr 10, 2021.
             Got out of the dungeon alive.
             The game lasted 00:00:41 (881 turns).

Alarkh the Insei (Demonspawn Gladiator)              Turns: 881, Time: 00:00:41

Health: 16/28      AC:  3    Str: 14    XL:     3   Next: 8%
Magic:  3/3        EV: 12    Int: 16    God:
Gold:   40         SH:  0    Dex: 14    Spells: 2/2 levels left

rFire    . . .     SeeInvis .     - Unarmed
rCold    . . .     Faith    .   (no shield)
rNeg     . . .     Spirit   .   a - +0 leather armour
rPois    .         Reflect  .   (helmet restricted)
rElec    .         Harm     .   (no cloak)
rCorr    .         Rampage  .   (no gloves)
Will     .....                  (no boots)
Stlth    +.........             (no amulet)
HPRegen  0.09/turn              f - +6 ring of intelligence
MPRegen  0.08/turn              (no ring)

@: no status effects
A: horns 1, spiny 1
a: no special abilities


You escaped.
You visited 1 branch of the dungeon, and saw 2 of its levels.

You collected 40 gold pieces.

Inventory:

Missiles
 c - 3 throwing nets (quivered)
Armour
 a - a +0 leather armour (worn)
 b - a +0 helmet
Jewellery
 f - a +6 ring of intelligence (left hand)
Scrolls
 d - a scroll of holy word {unknown}
 e - a scroll of immolation {unknown}
Potions
 g - a potion of heal wounds {unknown}
 h - 2 potions of might {unknown}


   Skills:
 + Level 2.5 Fighting
 - Level 1.7 Throwing
 - Level 2.6 Dodging
 * Level 3.5 Unarmed Combat


You had 2 spell levels left.
You didn't know any spells.
Your spell library was empty.

Dungeon Overview and Level Annotations

Branches:
Dungeon (2/15)

Altars:


Innate Abilities, Weirdness & Mutations

You have a pair of small horns on your head.
You are partially covered in sharp spines.


Message History

You kill the hobgoblin!
You have reached level 3!
Your experience leads to an increase in your attributes!
Your base attributes are Str 14, Int 9, Dex 14.
Increase (S)trength, (I)ntelligence, or (D)exterity?
You feel clever.
Your demonic ancestry asserts itself...
A pair of horns grows on your head!
Your +0 helmet falls away!
You hit the worm.
The worm is lightly wounded.
Your leather armour prevents you from hitting the worm.
The worm is lightly wounded.
The worm is struck by your spines. The worm barely misses you.
You barely miss the worm. You headbutt the worm.
The worm is moderately wounded.
You hit the worm.
The worm is heavily wounded.
The worm barely misses you.
You barely miss the worm.
The worm is heavily wounded.
The worm is struck by your spines. The worm bites you.
You barely miss the worm.
The worm is heavily wounded.
You hit the worm.
The worm is severely wounded.
The worm is struck by your spines. The worm bites you!
You are too injured to fight recklessly!
You are too injured to fight recklessly!
You are too injured to fight recklessly!
You are too injured to fight recklessly!
You are too injured to fight recklessly!
You hit the worm.
You kill the worm!
There is a stone staircase leading up here.
You climb upwards.
There is a stone staircase leading down here.
You can't go up here!
There is a staircase leading out of the dungeon here.
Are you sure you want to leave the Dungeon?
This will make you lose the game!
You have escaped!

.........#
###...#.###.# #.#
# .....†...#
#P.P#.# #.## #.#
# .........#
#P.P#.# #..# #.#
# #+##.....#
#P.P#.# ##.# #.#
# #.##.....#
#P.P#.####.####.#
# #.##.....#
#P.P#...........#
# #.##.....#
#P.P######..###.#
# #.##.....#
#P.P# ##.# #.# #
.........# #P@P#
#.###†# #
.....##### #P.P#
#..##.# # .....#
#P.P# ##.##.# #
.....# #P.P#
#..#.# # .....#
#P.P# ##.#.###
.....# #P.P#
#...#.. .....#
#P.P# ##..#.#
.....# #P.P#
#..#.# .....#####
#...# #..#.#


There were no monsters in sight!

Vanquished Creatures
  A worm (D:2)
  2 dart slugs (D:1)
  7 ball pythons (D:1)
  An endoplasm (D:1)
  A giant cockroach (D:1)
  A goblin (D:1)
  2 hobgoblins
  2 kobolds (D:1)
  2 quokkas (D:1)
  2 frilled lizards (D:1)
  2 rats (D:1)
23 creatures vanquished.

Notes
Turn   | Place    | Note
-------+----------+-------------------------------------------
     0 | D:1      | Alarkh the Demonspawn Gladiator began the quest for the
                  | Orb.
     0 | D:1      | Reached XP level 1. HP: 16/16 MP: 1/1
   196 | D:1      | Reached skill level 3 in Unarmed Combat
   209 | D:1      | Gained mutation: You are partially covered in sharp spines.
                  | [demonic ancestry]
   209 | D:1      | Reached XP level 2. HP: 15/22 MP: 2/2
   842 | D:2      | Gained mutation: You have a pair of small horns on your
                  | head. [demonic ancestry]
   842 | D:2      | Reached XP level 3. HP: 28/28 MP: 3/3
   881 | D:$      | Got out of the dungeon alive.

Illustrated notes

Levels and vault maps discovered:
D:1:      eino_arrival_tree_alley, layout_basic
D:2:      kennysheep_six_static_rooms, layout_rooms, uniq_crazy_yiuf_cottage

Skill      XL: |  1 |
---------------+----+-----
Unarmed Combat | 3 |  3.5
Fighting       | |  2.5
Throwing       | |  1.7
Dodging        | |  2.6

Action                   || total
-------------------------++-------
Melee: Unarmed           ||    66
       Punch             ||     1
       Headbutt          ||     1
Armor: Leather armour    ||    13
Dodge: Dodged            ||    34

Table legend: (Time is in decaauts)
 A = Elapsed time spent in this place.
 B = Non-inter-level travel time spent in this place.
 C = Inter-level travel time spent in this place.
 D = Time resting spent in this place.
 E = Time spent auto-exploring this place.
 F = Levels seen in this place.
 G = Mean time per level.
                   A        B        C        D        E       F      G
               +--------+--------+--------+--------+--------+-----+--------+
         Total |    877 |    807 |     70 |      0 |    684 |   2 |  438.5 |
       Dungeon |    877 |    807 |     70 |      0 |    684 |   2 |  438.5 |
               +--------+--------+--------+--------+--------+-----+--------+

Top non-repeatable levels by time:
     D:1: 859 daAuts
     D:2: 17 daAuts
